AoeStats
← ERA AI

Arabia

506473869Analyzed
3v3 RM · 18d ago on Sep 13, 2026· 59m 33s· 6 players
Game mode
Random Map
Map size
Normal (6 player)
Population
200
Speed
Normal
Resources
Standard
Victory
Conquest
Starting age
Dark Age
Ending age
Imperial Age
RankedLock teamsTeams togetherTeam positionsShared explorationLock speedFull tech treeHidden civsTurbo modeCheats
Victory
Defeat
🇳🇱 Gurjaras · Netherlands
1025
+14
🇳🇱 Bulgarians · Netherlands
1024
+14
🇳🇱 Franks · Netherlands
979
+15
🇹🇷 Celts · Türkiye
1020
-16
🇹🇷 Magyars · Türkiye
993
-15
🇹🇷 Vikings · Türkiye
916
-12
α
6:58 Loom
9:24 Feudal Age
10:28 Man-at-Arms
13:49 Fletching
15:50 Padded Archer Armor
27:13 Castle Age
30:04 Bodkin Arrow
32:00 Double-Bit Axe
31:49 Elite Skirmisher
39:16 Leather Archer Armor
43:58 Ballistics
51:00 Horse Collar
52:30 Scale Mail Armor
53:38 Arson
55:46 Chain Mail Armor
56:23 Forging
58:05 Iron Casting
Deltamale
8:09 Loom
10:24 Feudal Age
22:51 Castle Age
23:11 Double-Bit Axe
23:09 Horse Collar
23:16 Pikeman
26:06 Scale Mail Armor
28:07 Corvinian Army
30:07 Thumb Ring
30:57 Fletching
32:03 Padded Archer Armor
34:27 Bodkin Arrow
36:04 Bloodlines
36:53 Scale Barding Armor
42:50 Chain Barding Armor
42:23 Light Cavalry
43:04 Husbandry
48:38 Imperial Age
49:50 Conscription
49:31 Recurve Bow
50:56 Parthian Tactics
51:44 Plate Barding Armor
51:33 Heavy Plow
55:29 Halberdier
57:03 Chain Mail Armor
58:04 Hussar
Efyix
11:51 Feudal Age
15:53 Castle Age
14:55 Double-Bit Axe
16:06 Horse Collar
16:24 Stone Mining
18:42 Forging
18:37 Scale Mail Armor
19:14 Heavy Plow
19:45 Bow Saw
21:28 Loom
21:58 Forging
21:41 Gambesons
21:57 Squires
28:45 Chain Mail Armor
30:15 Iron Casting
35:06 Gold Mining
42:26 Imperial Age
52:06 Two-Man Saw
53:23 Crop Rotation
53:32 Gold Shaft Mining
54:02 Blast Furnace
55:24 Plate Mail Armor
55:55 Scale Barding Armor
55:20 Cavalier
58:14 Chain Barding Armor
Wardfire
7:23 Loom
9:31 Feudal Age
14:55 Fletching
22:55 Double-Bit Axe
22:53 Horse Collar
29:23 Castle Age
27:58 Double-Bit Axe
28:31 Gold Mining
32:07 Bow Saw
32:00 Heavy Plow
31:51 Crossbowman
33:44 Wheelbarrow
34:52 Gold Shaft Mining
34:12 Stone Mining
36:40 Bodkin Arrow
39:55 Padded Archer Armor
42:44 Hand Cart
50:21 Elite Skirmisher
52:59 Town Watch
fabberlaan
10:22 Loom
12:37 Feudal Age
19:02 Horse Collar
20:03 Gold Mining
20:04 Double-Bit Axe
24:03 Castle Age
22:29 Scale Barding Armor
22:37 Forging
22:33 Scale Barding Armor
23:56 Fletching
24:37 Bloodlines
25:09 Husbandry
26:29 Light Cavalry
32:47 Iron Casting
31:55 Pikeman
33:31 Gold Shaft Mining
34:45 Chain Barding Armor
38:42 Scale Mail Armor
39:31 Wheelbarrow
43:18 Imperial Age
41:59 Chain Mail Armor
42:50 Murder Holes
43:07 Pikeman
43:35 Hussar
54:17 Blast Furnace
55:42 Plate Barding Armor
56:52 Hand Cart
57:18 Plate Mail Armor
59:24 Elite Konnik
ERA AI
10:39 Loom
12:25 Feudal Age
17:33 Castle Age
18:20 Husbandry
18:32 Scale Barding Armor
31:19 Gold Mining
34:00 Padded Archer Armor
36:28 Chain Barding Armor
37:48 Forging
43:37 Ballistics
43:51 Fletching
44:34 Herbal Medicine
48:36 Imperial Age
46:45 Bodkin Arrow
46:42 Town Watch
47:58 Iron Casting
49:58 Plate Barding Armor
48:47 Cavalier
54:34 Blast Furnace
56:26 Paladin
57:31 Scale Mail Armor
Connection lost

Rejoining the realm…

Still unreachable

The connection could not be restored.

Session expired

The server has moved on; the page needs a fresh start.